cohdb
Replays
Latest Replays
All Replays
Popular Replays
Top Player Replays
Match Explorer
How It Works
Community
CoH3 Stats
Reddit
Sign in to upload your games and track your stats! →
Sign in with Steam
Match 47140954
Unlisted
Match 47140954
Overview
Messages
Build Orders
End
Kradschützen Motorcycle Team
Panzergrenadier Squad
250 Light Carrier
Construct Light Support Kompanie
Combat Half-tracks
Assault Grenadier Squad
MG34 Team
Selects Panzerjäger Kommand Battlegroup
Selects Mine Fields
Construct Mechanized Kompanie
Construct Mechanized Kompanie
Panzerjäger Mechanized Group
Selects Tank Busters
Selects Defensive Positions
2.5-tonne Medical Truck
Panzerjäger Squad
Panzerjäger Mechanized Group
Construct Panzerarmee Kommand
Assault Grenadier Squad
Vehicle Survival Package
Armored Reserves
Selects Butterfly Bomb Drop
Selects Crew Shock Tactics
Emergency Repair Kits
Butterfly Bomb Drop
Tiger Heavy Tank
Selects Elefant Tank Destroyer
Butterfly Bomb Drop
Butterfly Bomb Drop
Goodvyn
TBells
0
0
Comments
sign in to comment!
No comments posted yet!